 Dungeon Crawl Stone Soup version 0.26-a0-1126-g3318b609a0 (webtiles) character file.

Game seed: 10016203592414749217

94 stormannn the Chiller (level 4, -1/27 HPs)
             Began as an Octopode Ice Elementalist on Dec 17, 2020.
             Slain by Robin
             ... wielding a +2 short sword of distortion
              (17 damage)
             ... on level 2 of the Dungeon.
             The game lasted 00:02:26 (1312 turns).

stormannn the Chiller (Octopode Ice Elementalist)   Turns: 1312, Time: 00:02:29

Health: -1/27      AC:  1    Str:  7    XL:     4   Next: 63%
Magic:  8/8        EV: 14    Int: 18    God:
Gold:   62         SH:  0    Dex: 12    Spells: 2/9 levels left

rFire    . . .     SeeInvis .   e - +4 short sword (drain)
rCold    . . .     Faith    .   (no shield)
rNeg     . . .     Spirit   .   (helmet restricted)
rPois    .         Reflect  .   (no amulet)
rElec    .         Harm     .   b - ring of stealth
rCorr    .         Rampage  .   (no ring)
Will     .....                  (no ring)
Stlth    ++++......             (no ring)
HPRegen  0.09/turn              (no ring)
MPRegen  0.11/turn              (no ring)
                                (no ring)
                                (no ring)

@: no status effects
A: almost no armour, stealthy swim, amphibious, 8 rings, constrict 8, camouflage
1, gelatinous body 1
a: no special abilities


You were on level 2 of the Dungeon.
You visited 1 branch of the dungeon, and saw 2 of its levels.

You collected 62 gold pieces.

Inventory:

Hand Weapons
 c - a +2 dagger of protection
 e - a +4 short sword of draining (weapon)
Missiles
 f - 40 poisoned darts
Jewellery
 b - a ring of stealth (left tentacle)
Scrolls
 d - a scroll of enchant armour {unknown}
 g - a scroll of remove curse {unknown}
Potions
 a - a potion of might {unknown}
 h - a potion of curing {unknown}
 i - a potion of degeneration {unknown}
 j - a potion of haste {unknown}


   Skills:
 + Level 2.6 Dodging
 + Level 3.8 Stealth
 * Level 3.1 Spellcasting
 + Level 4.4 Ice Magic


You had 2 spell levels left.
You knew the following spells:

 Your Spells              Type           Power        Failure   Level
a - Freeze                Ice            72%          2%          1
b - Frozen Ramparts       Ice            36%          8%          3
c - Ozocubu's Armour      Ice            18%          8%          3

Your spell library contained the following spells:

 Spells                   Type           Power        Failure   Level
 Hailstorm                Conj/Ice       10%          54%         4
 Summon Ice Beast         Ice/Summ       10%          54%         4


Dungeon Overview and Level Annotations

Branches:
Dungeon (2/15)

Altars:

Annotations:
D:2 Robin


Innate Abilities, Weirdness & Mutations

You cannot wear most types of armour.
You are very stealthy in the water. (Stealth+)
You are amphibious.
You can wear up to eight rings at the same time.
You can use your tentacles to constrict eight enemies at once.
Your skin changes colour to match your surroundings (Stealth+).
Your rubbery body absorbs attacks. (AC +1, EV +1)


Message History

Robin flexes a bicep menacingly.
Robin hits you with a +2 short sword of distortion.
You blink.
An adder comes into view.
The helpless adder fails to defend itself.
You puncture the adder!
You kill the adder!
You hit Robin but do no damage. You grab Robin.
You squeeze Robin, but do no damage.
Robin is lightly wounded.
You constrict Robin, but do no damage.
Robin hits you with a +2 short sword of distortion.
Space bends around you.
You hit Robin. You drain Robin.
Robin is severely wounded.
You constrict Robin.
Robin hits you with a +2 short sword of distortion.
Space warps horribly around you!
Ouch! That really hurt!
You die...

##### #...#
+...# #...#
#####...####
+.....@....+
.
#####.g###.#
###..# #
#....#
#....###
#...$..#
#####....#)#
.........#ยง#
.........#g#


You could see Robin (drained).

Vanquished Creatures
  Terence (D:2)
  2 adders (D:2)
  An ooze (D:1)
  4 dart slugs (D:1)
  A leopard gecko (D:2)
  2 giant cockroaches
  9 goblins
  4 hobgoblins (D:1)
  2 jackals (D:1)
  5 bats (D:1)
  2 frilled lizards (D:1)
  3 kobolds
  2 rats (D:1)
38 creatures vanquished.

Notes
Turn   | Place    | Note
-------+----------+-------------------------------------------
     0 | D:1      | stormannn the Octopode Ice Elementalist began the quest for
                  | the Orb.
     0 | D:1      | Reached XP level 1. HP: 11/11 MP: 3/3
   124 | D:1      | Reached XP level 2. HP: 17/17 MP: 5/5
   147 | D:1      | You fall into a shaft and drop 1 floor!
   658 | D:1      | Reached XP level 3. HP: 21/21 MP: 6/6
  1130 | D:2      | Noticed Terence
  1142 | D:2      | Killed Terence
  1143 | D:2      | Reached XP level 4. HP: 25/27 MP: 2/8
  1162 | D:2      | Learned a level 3 spell: Frozen Ramparts
  1166 | D:2      | Learned a level 3 spell: Ozocubu's Armour
  1294 | D:2      | Noticed Robin
  1312 | D:2      | Slain by Robin

Illustrated notes

Levels and vault maps discovered:
D:1:      saegor_arrival_miasma, layout_basic, minmay_misc_feat_roman
D:2:      layout_basic, uniq_terence, uniq_robin

Skill      XL: |  1  2  3 |
---------------+----------+-----
Stealth        | 3 |  3.8
Spellcasting   | 3 |  3.1
Dodging        | |  2.6
Ice Magic      | |  4.4

Action                   |  1- 3 |  4- 6 || total
-------------------------+-------+-------++-------
Melee: Dagger            |     6 |       ||     6
       Constrict         |     5 |     1 ||     6
       Unarmed           |     1 |       ||     1
       Short sword       |    27 |     9 ||    36
       Tentacles         |       |     1 ||     1
 Cast: Freeze            |    14 |     3 ||    17
 Stab: Sleeping          |    12 |     3 ||    15
Armor: Skin              |     2 |       ||     2
Dodge: Dodged            |    20 |     7 ||    27

Table legend: (Time is in decaauts)
 A = Elapsed time spent in this place.
 B = Non-inter-level travel time spent in this place.
 C = Inter-level travel time spent in this place.
 D = Time resting spent in this place.
 E = Time spent auto-exploring this place.
 F = Levels seen in this place.
 G = Mean time per level.
                   A        B        C        D        E       F      G
               +--------+--------+--------+--------+--------+-----+--------+
         Total |   1314 |   1303 |     11 |    205 |    814 |   2 |  657.0 |
       Dungeon |   1314 |   1303 |     11 |    205 |    814 |   2 |  657.0 |
               +--------+--------+--------+--------+--------+-----+--------+

Top non-repeatable levels by time:
     D:1: 957 daAuts
     D:2: 357 daAuts
